Map: Lightshade LE

Players

Namshar

  • Race: Zerg Zerg
  • League: Master
  • Spawn Location: 11:00

uwuThermal (uThermal) - Winner!

  • Race: Terran Terran
  • Spawn Location: 5:00

Event: Cheeseadelphia Winter Championship 2021

VOD

Have the link to the VOD?

Description

Time

  • Played on: Jan. 23, 2021, 2:50 p.m.
  • Length: 11:28

All games in this series

Show
View Real Time Build Order
Export as new Build Order

Namshar Zerg 

Build Orders: Hatch First 

Get SALT Encoding   

  12  0:00  Drone  
  13  0:12  Overlord  
  13  0:16  Drone  
  14  0:30  Drone x2  
  16  0:47  Hatchery  
  15  0:51  Drone  
  15  0:54  Drone  
  17  0:57  Drone  
  18  1:08  Extractor  
  17  1:12  Spawning Pool  
  17  1:16  Drone  
  17  1:19  Drone  
  18  1:28  Drone  
  19  1:38  Drone  
  20  1:49  Drone  
  21  1:59  Queen x2  
  21  2:00  Zergling x4  
  27  2:13  Hatchery  
  26  2:18  Overlord  
  26  2:21  Drone  
  27  2:25  Drone  
  28  2:35  Metabolic Boost  
  28  2:36  Drone  
  29  2:38  Drone x2  
  29  2:42  Drone  
  32  2:50  Overlord  
  31  2:53  Queen  
  31  2:56  Drone  
  34  3:03  Overlord  
  34  3:04  Drone  
  35  3:09  Drone  
  36  3:15  Drone x4  
  36  3:19  Queen  
  42  3:25  Drone  
  42  3:26  Drone  
  44  3:28  Queen  
  46  3:36  Drone x2  
  46  3:37  Drone x2  
  50  3:46  Zergling x4  
  50  3:48  Zergling x2  
  53  3:49  Drone x2  
  53  3:50  Overlord  
  55  3:58  Overlord, Drone  
  55  4:00  Overlord  
  56  4:03  Drone x2  
  58  4:17  Drone  
  59  4:18  Zergling x6  
  59  4:21  Lair, Queen  
  59  4:23  Zergling x2  
  59  4:24  Zergling x4  
  66  4:30  Drone x4  
  70  4:33  Drone x2  
  70  4:35  Drone x3  
  75  4:38  Drone  
  75  4:39  Extractor, Drone x2  
  75  4:40  Spore Crawler  
  75  4:41  Spore Crawler  
  75  4:42  Spore Crawler  
  75  4:43  Drone  
  75  4:44  Extractor  
  75  4:45  Extractor  
  73  4:48  Drone x2  
  75  4:54  Queen, Drone  
  78  5:05  Drone x4  
  82  5:09  Baneling Nest  
  82  5:10  Evolution Chamber  
  82  5:13  Overlord x3, Evolution Chamber  
  82  5:14  Drone x3  
  82  5:31  Drone  
  82  5:32  Drone x7  
  82  5:35  Overseer  
  90  5:38  Extractor x2  
  90  5:42  Drone x3  
  91  5:46  Zergling x2, Hatchery  
  91  5:47  Zergling x6  
  91  5:48  Overseer  
  94  6:05  Baneling  
  94  6:06  Baneling x3  
  94  6:07  Baneling x3  
  94  6:08  Baneling x4  
  94  6:09  Baneling x2  
  94  6:10  Baneling  
  92  6:16  Queen  
  93  6:18  Zergling x6  
  93  6:19  Zergling x4  
  86  6:26  Zergling x18  
  84  6:34  Drone  
  84  6:36  Drone  
  72  6:41  Drone  
  70  6:47  Spire  
  70  6:48  Drone x3  
  70  6:52  Drone  
  73  7:01  Evolution Chamber  
  73  7:05  Zergling x6  
  75  7:11  Zergling x8  
  72  7:18  Drone  
  72  7:25  Drone x4  
  76  7:34  Drone  
  76  7:35  Drone x2  
  79  7:39  Drone  
  79  7:42  Drone x3  
  79  7:43  Zerg Ground Armor Level 1  
  83  7:47  Queen  
  83  7:48  Drone  
  83  7:49  Drone x3  
  89  7:56  Centrifical Hooks, Zerg Melee Weapons Level 1  
  89  7:57  Drone x4  
  94  8:04  Drone x4  
  98  8:08  Overlord x2  
  98  8:12  Overlord  
  98  8:13  Zergling x4, Overlord  
  98  8:18  Zergling x8  
  104  8:20  Overlord x5  
  104  8:27  Hatchery, Baneling x6  
  104  8:28  Zergling x2, Baneling x3  
  104  8:29  Zergling x2  
  104  8:31  Queen  
  105  8:36  Zergling x10  
  108  8:45  Zergling x18  
  102  8:56  Zergling x12  
  102  9:01  Baneling  
  102  9:02  Baneling x8  
  105  9:04  Zergling x4  
  105  9:06  Baneling x2  
  104  9:16  Zergling x8  
  104  9:17  Zergling x8, Overseer  
  102  9:19  Pneumatized Carapace  
  102  9:23  Extractor  
  103  9:25  Zergling x2, Hydralisk Den  
  103  9:38  Hatchery  
  102  9:42  Zergling x2  
  102  9:43  Zergling x20  
  113  9:47  Zergling x10  
  113  9:48  Baneling  
  113  9:49  Baneling x3  
  116  9:57  Zergling x8  
  120  10:03  Muscular Augments  
  120  10:05  Zergling x2  
  120  10:06  Zergling x2  
  117  10:07  Baneling x5  
  100  10:17  Zergling x20  
  107  10:24  Drone x2  
  107  10:26  Queen  
  111  10:33  Drone x4  
  111  10:34  Queen x2  
  121  10:49  Zergling x2  
  120  10:50  Zergling x12  
  120  10:52  Baneling x6  
  124  11:01  Zergling x16  
  106  11:06  Zergling x4  
  94  11:11  Zergling x4  
Show
View Real Time Build Order
Export as new Build Order

uwuThermal Terran - Winner!

Build Orders: Reaper Expand, Hellion Banshee 

Get SALT Encoding   

  12  0:00  SCV  
  13  0:12  SCV  
  14  0:17  Supply Depot  
  14  0:24  SCV  
  15  0:38  SCV  
  15  0:40  Barracks  
  16  0:43  Refinery  
  16  0:50  SCV  
  17  1:03  SCV  
  18  1:15  SCV  
  19  1:27  Orbital Command, Reaper  
  20  1:39  Command Center  
  20  1:48  Supply Depot  
  20  1:53  SCV  
  21  1:59  Marine  
  22  2:05  SCV  
  23  2:08  Factory  
  23  2:17  SCV  
  23  2:20  Barracks Reactor  
  24  2:29  SCV  
  25  2:41  SCV  
  26  2:46  Command Center  
  26  2:52  Orbital Command  
  26  2:54  SCV  
  27  3:02  Starport  
  27  3:06  SCV  
  27  3:10  Refinery  
  28  3:16  Hellion  
  28  3:17  SCV  
  28  3:18  SCV  
  32  3:23  Hellion  
  32  3:24  Barracks Tech Lab  
  34  3:29  SCV  
  34  3:30  SCV  
  36  3:41  Hellion, SCV  
  38  3:43  SCV  
  38  3:44  Hellion  
  38  3:46  Banshee  
  45  3:52  Marine  
  46  3:57  Orbital Command, SCV x2  
  48  4:03  Hellion  
  48  4:06  Hellion  
  52  4:10  Supply Depot, SCV  
  52  4:13  SCV  
  54  4:24  SCV x2  
  56  4:26  Supply Depot  
  56  4:27  Hellion x2  
  56  4:29  Cloaking Field  
  60  4:31  Banshee  
  60  4:34  Supply Depot, SCV  
  64  4:38  SCV  
  64  4:41  SCV  
  66  4:48  Hellion x2  
  66  4:50  SCV, Armory  
  71  4:53  Orbital Command  
  71  4:54  Barracks Tech Lab  
  71  4:55  SCV  
  72  5:02  Barracks, SCV  
  72  5:04  Barracks  
  73  5:07  SCV  
  73  5:09  Hellion  
  73  5:10  Hellion  
  73  5:12  Supply Depot  
  73  5:13  Marine  
  79  5:14  Stimpack, SCV  
  79  5:18  SCV  
  81  5:22  Supply Depot, SCV  
  81  5:26  SCV  
  83  5:30  Engineering Bay  
  83  5:31  Engineering Bay, Refinery, Marine  
  83  5:34  SCV x2  
  86  5:35  Refinery  
  86  5:39  Hellion x2  
  90  5:44  SCV  
  90  5:47  Supply Depot, SCV  
  92  5:55  SCV  
  93  5:59  Terran Infantry Armor Level 1, Terran Infantry Weapons Level 1  
  93  6:00  Barracks Reactor x2  
  93  6:01  Hellion x2  
  93  6:02  SCV  
  98  6:05  SCV  
  98  6:08  Supply Depot, SCV  
  99  6:11  Starport Reactor  
  99  6:15  Marine  
  100  6:20  SCV  
  95  6:26  SCV  
  95  6:27  SCV  
  95  6:28  Barracks  
  95  6:29  Barracks  
  95  6:32  Hellion x2  
  96  6:33  SCV, Marine  
  96  6:37  Marine  
  96  6:38  SCV, Marine x2  
  96  6:39  SCV  
  97  6:41  Marine  
  97  6:45  SCV  
  97  6:48  Medivac x2  
  97  6:50  SCV  
  97  6:51  SCV, Marine  
  97  6:52  Supply Depot  
  102  6:55  Marine x3  
  102  6:56  Widow Mine x2  
  102  6:59  Marine  
  102  7:00  Factory, Combat Shield  
  106  7:01  SCV  
  106  7:04  SCV  
  103  7:08  Marine  
  103  7:10  SCV  
  103  7:13  Marine x3  
  106  7:16  Marine  
  106  7:17  Widow Mine x2  
  106  7:20  Refinery  
  111  7:26  Marine  
  111  7:28  Barracks Reactor x2  
  105  7:31  Medivac, Supply Depot, SCV, Marine x3  
  105  7:34  Marine  
  108  7:42  Command Center  
  110  7:44  Marine  
  110  7:49  Marine x3  
  114  7:52  Marine  
  114  7:53  Supply Depot  
  114  7:54  Missile Turret, SCV  
  114  7:57  Terran Infantry Weapons Level 2  
  116  7:59  Terran Infantry Armor Level 2  
  116  8:02  Marine  
  116  8:04  Missile Turret  
  115  8:05  SCV  
  115  8:06  Barracks, Marine x3  
  115  8:07  Barracks, Missile Turret, Marine x2  
  115  8:08  Barracks, Marine  
  115  8:10  Marine  
  115  8:11  Widow Mine, Terran Vehicle And Ship Armor Level 1, Marine  
  126  8:14  Medivac  
  128  8:20  Supply Depot, Marine  
  128  8:21  Hellion x2  
  133  8:27  Command Center  
  133  8:29  Supply Depot, Marine  
  133  8:31  Supply Depot  
  134  8:35  Medivac, Marine  
  134  8:37  Marine  
  136  8:46  Marine  
  137  8:51  Thor, Widow Mine x2  
  137  8:52  Marine  
  137  8:53  Medivac  
  134  8:57  Marine  
  134  8:58  Marine  
  134  9:02  Marine x2  
  138  9:03  Marine x2  
  138  9:04  SCV, Marine  
  138  9:05  Medivac  
  144  9:14  Widow Mine x2  
  144  9:15  SCV, Marine x2  
  144  9:16  SCV  
  141  9:19  SCV  
  141  9:20  Marine x2  
  141  9:23  Planetary Fortress, Medivac  
  146  9:24  Marine  
  146  9:28  SCV  
  146  9:31  Concussive Shells, Marine x3  
  150  9:32  SCV  
  150  9:33  Marine  
  150  9:35  Medivac, Command Center, Marine  
  150  9:37  Widow Mine  
  158  9:38  Widow Mine  
  158  9:42  SCV  
  158  9:44  SCV x2  
  161  9:46  Marine  
  161  9:52  Marine x3  
  165  9:53  Widow Mine, Marine  
  165  9:58  Medivac  
  165  9:59  Marine  
  169  10:00  Marine  
  170  10:08  Marine  
  170  10:12  Marine x3  
  165  10:17  Medivac, Marine  
  165  10:20  Marine x2  
  162  10:22  Marine  
  162  10:24  SCV x2  
  162  10:25  Planetary Fortress  
  162  10:26  SCV x2  
  162  10:27  Marine  
  162  10:28  Marauder  
  173  10:30  Barracks Tech Lab x3, Marine x2  
  173  10:32  Widow Mine x3  
  178  10:36  Factory, SCV x2, Refinery x2  
  178  10:42  Marine x2  
  182  10:44  Marine x2  
  182  10:49  Marauder  
  186  10:51  Medivac  
  186  10:54  Marine  
  186  10:55  Marauder  
  191  11:03  Marauder, Marine  
  181  11:08  Marine x2  
  182  11:17  Command Center  
  182  11:20  Command Center  
Tags
 
Add a new tag
Caveats
  • Supply blocks, unpowered buildings, or Contaminate may cause inaccurate times.
  • Supply counts are checked every 10 seconds.